 Dungeon Crawl Stone Soup version 0.31-a0-196-g86fe4a5e66 (webtiles) character file.

Game seed: 9671857031385417458

60 lessens the Chopper (level 4, 0/33 HPs)
             Began as a Hill Orc Summoner on June 24, 2023.
             Slain by Terence
             ... wielding a +0 morningstar
              (6 damage)
             ... on level 2 of the Dungeon.
             The game lasted 00:02:37 (1357 turns).

lessens the Chopper (Hill Orc Summoner)             Turns: 1357, Time: 00:02:38

Health: 0/33       AC:  7    Str: 12    XL:     4   Next: 4%
Magic:  6/6        EV:  9    Int: 15    God:
Gold:   105        SH:  0    Dex: 11    Spells: 5/6 levels left

rFire   . . .        f - +0 quarterstaff
rCold   . . .        (shield currently unavailable)
rNeg    . . .        g - +0 scale mail
rPois   .            (no helmet)
rElec   .            (no cloak)
rCorr   .            h - +0 pair of gloves
SInv    .            (no boots)
Will    .....        (no amulet) Stlth
                     (no ring)
HPRegen 0.25/turn    (no ring)
MPRegen 0.10/turn

%: no passive effects
@: no status effects
A: no striking features
a: no special abilities


You were on level 2 of the Dungeon.
You visited 1 branch of the dungeon, and saw 2 of its levels.

You collected 105 gold pieces.

Inventory:

Hand Weapons
 e - a +0 dagger
 f - a +0 quarterstaff (weapon)
Missiles
 c - 21 stones
 j - 5 poisoned darts
Armour
 a - a +0 robe
 g - a +0 scale mail (worn)
 h - a +0 pair of gloves (worn)
Scrolls
 d - 2 scrolls of identify {unknown}
Potions
 b - a potion of magic


   Skills:
 + Level 4.7 Axes
 - Level 1.5 Dodging
 - Level 1.5 Stealth
 - Level 1.5 Spellcasting
 - Level 4.0 Summonings


You had 5 spell levels left.
You knew the following spells:

 Your Spells              Type           Power      Damage    Failure   Level
a - Summon Small Mammal   Summ           52%        N/A       26%         1

Your spell library contained the following spells:

 Spells                   Type           Power      Damage    Failure   Level
 Call Imp                 Summ           26%        N/A       36%         2
 Call Canine Familiar     Summ           13%        N/A       58%         3
 Summon Guardian Golem    Hex/Summ       7%         N/A       86%         3
 Cigotuvi's Dreadful Rot  Necr/Pois/Air  2%         N/A       89%         2
 Ignite Poison            Fire/Tmut/Pois 1%         N/A       98%         3
 Summon Lightning Spire   Summ/Air       7%         N/A       99%         4
 Freezing Cloud           Conj/Ice/Air   0%         6-21      100%        5


Dungeon Overview and Level Annotations

Branches:
Dungeon (2/15) Zot: 10620

Altars:

Annotations:
D:2 Terence


Message History

The bat hits you but does no damage.
A rat comes into view.
The bat hits you.
You hit the bat.
You kill the bat!
You barely miss Terence. Terence hits you with a +0 morningstar.
You hit Terence.
Terence is lightly wounded.
Terence hits you with a +0 morningstar!
You closely miss Terence.
Terence is lightly wounded.
Terence barely misses you.
You barely miss Terence.
Terence is lightly wounded.
Terence misses you.
The rat twitches its whiskers.
Terence barely misses you.
You closely miss Terence.
Terence is lightly wounded.
Terence hits you with a +0 morningstar.
You barely miss Terence.
Terence is lightly wounded.
Terence barely misses you.
You closely miss Terence.
Terence is lightly wounded.
Terence hits you with a +0 morningstar. Terence closely misses you.
You hit Terence.
Terence is lightly wounded.
Terence hits you with a +0 morningstar.
You hit Terence but do no damage.
Terence is lightly wounded.
Terence hits you with a +0 morningstar!
It was a potion of curing.
You feel better. Terence hits you with a +0 morningstar.
It was a potion of cancellation.
You feel magically purged. Terence hits you with a +0 morningstar!
* * * LOW HITPOINT WARNING * * *
Terence says, "Did you write a will?
You should..."
Terence attacks as you move away! Terence hits you with a +0 morningstar.
You die...

### ### ....
..############
##..#####............####
#..............#####>....
........#.###..#####..###
#?@@................
#.##.###..#####..#.#
#.##.###..#####..#.#
.r##........†.......
##.#####............# #.#
#...#.####.#.# ...
#####.# #.#.# ... #.#
#.#.. ... #.# #>..#


You could see Terence.

Vanquished Creatures
  2 adders (D:2)
  A dart slug (D:1)
  6 endoplasms
  A giant cockroach (D:1)
  3 goblins (D:1)
  2 hobgoblins
  4 jackals (D:1)
  3 ball pythons
  4 bats
  3 frilled lizards (D:1)
  4 kobolds (D:1)
  3 rats (D:1)
36 creatures vanquished.

Vanquished Creatures (collateral kills)
  A giant cockroach (D:1)
1 creature vanquished.

Grand Total: 37 creatures vanquished

Notes
Turn   | Place    | Note
-------+----------+-------------------------------------------
     0 | D:1      | lessens the Hill Orc Summoner began the quest for the Orb.
     0 | D:1      | Reached XP level 1. HP: 14/14 MP: 3/3
    84 | D:1      | Reached skill level 1 in Axes
   355 | D:1      | Reached XP level 2. HP: 20/20 MP: 2/4
   786 | D:1      | Reached XP level 3. HP: 26/26 MP: 5/5
   944 | D:2      | Found a faded altar of an unknown god.
  1283 | D:2      | Reached XP level 4. HP: 27/33 MP: 6/6
  1341 | D:2      | Noticed Terence
  1357 | D:2      | Slain by Terence

Illustrated notes

Levels and vault maps discovered:
D:1:      lemuel_arrival_funnel, layout_basic, serial_glass, glass_columns_a,
          glass_columns_a, minmay_misc_feat_diagonals
D:2:      layout_loops_ring, nicolae_ecumenical_pavilion, serial_shops,
          nicolae_shop_real_fake_doors, uniq_terence, uniq_crazy_yiuf_cottage

Skill      XL: |  1  2  3 |
---------------+----------+-----
Axes           | 2 3 4 |  4.7
Dodging        | |  1.5
Stealth        | |  1.5
Spellcasting   | |  1.5
Summonings     | |  4.0

Action                     |  1- 3 |  4- 6 || total
---------------------------+-------+-------++-------
  Melee: Unarmed           |   103 |       ||   103
         Punch             |     1 |       ||     1
         Quarterstaff      |    70 |    10 ||    80
         Dagger            |     2 |       ||     2
   Cast: Summon Small Mamm |     7 |       ||     7
    Use: Potion            |       |     2 ||     2
 Armour: Robe              |    20 |       ||    20
         Scale mail        |    40 |     1 ||    41
  Dodge: Dodged            |   123 |     5 ||   128

Table legend: (Time is in decaauts)
 A = Elapsed time spent in this place.
 B = Non-inter-level travel time spent in this place.
 C = Inter-level travel time spent in this place.
 D = Time resting spent in this place.
 E = Time spent auto-exploring this place.
 F = Levels seen in this place.
 G = Mean time per level.
                   A        B        C        D        E       F      G
               +--------+--------+--------+--------+--------+-----+--------+
         Total |   1379 |   1373 |      6 |      2 |    971 |   2 |  689.5 |
       Dungeon |   1379 |   1373 |      6 |      2 |    971 |   2 |  689.5 |
               +--------+--------+--------+--------+--------+-----+--------+

Top non-repeatable levels by time:
     D:1: 955 daAuts
     D:2: 424 daAuts

Levels and vault maps discovered:
D:1:      lemuel_arrival_funnel, layout_basic, serial_glass, glass_columns_a,
          glass_columns_a, minmay_misc_feat_diagonals
D:2:      layout_loops_ring, nicolae_ecumenical_pavilion, serial_shops,
          nicolae_shop_real_fake_doors, uniq_terence, uniq_crazy_yiuf_cottage
